 Dungeon Crawl Stone Soup version 0.30-a0-23-ge60ba3568b (webtiles) character file.

Game seed: 13972141688146490268

4446 scionoferis the Trooper (level 9, -4/78 HPs)
             Began as a Demigod Wanderer on Aug 24, 2022.
             Slain by an unseen horror (8 damage)
             ... on level 9 of the Dungeon.
             The game lasted 00:43:49 (14116 turns).

scionoferis the Trooper (Demigod Wanderer)         Turns: 14116, Time: 00:43:50

Health: -4/78      AC:  9    Str: 33    XL:     9   Next: 93%
Magic:  19/19      EV: 10    Int: 17    God:
Gold:   441        SH: 13    Dex: 10    Spells: 16/17 levels left

rFire   . . .      SeeInvis .    a - +1 whip (freeze)
rCold   + . .      Faith    .    E - +0 kite shield
rNeg    . . .      Spirit   .    C - +1 scale mail {rC+}
rPois   +          Reflect  +    o - +0 helmet
rElec   .          Harm     .    (no cloak)
rCorr   +          Rampage  .    (no gloves)
Will    .....                    (no boots)
Stlth   ..........               J - amulet of Nuxzyjun {Reflect Fly rPois rCorr Int+4 SH+5}
HPRegen 0.23/turn                r - +6 ring of strength
MPRegen 0.16/turn                (no ring)

@: flying
A: high MP 1, forlorn, divine attributes, dopey 1, mutation resistance 1
a: no special abilities


You were on level 9 of the Dungeon.
You visited 1 branch of the dungeon, and saw 9 of its levels.

You collected 441 gold pieces.

Inventory:

Hand Weapons
 a - a +1 whip of freezing (weapon)
 b - a +0 sling
 k - a +2 antimagic spear
 z - a +2 dagger of electrocution
 A - a +1 vampiric spear
 I - a +1 dagger of speed
Missiles
 s - 3 javelins
 y - 5 boomerangs
 F - 14 poisoned darts
 G - a silver boomerang
Armour
 i - a +2 leather armour of willpower
 o - a +0 helmet (worn)
 x - a +1 leather armour of fire resistance
 C - a +1 scale mail of cold resistance (worn)
 E - a +0 kite shield (worn)
Magical Staves
 M - a staff of death
Jewellery
 r - a +6 ring of strength (left hand)
 t - an amulet of guardian spirit
 w - an amulet of magic regeneration
 H - an amulet of the acrobat
 J - the amulet of Nuxzyjun (around neck) {Reflect Fly rPois rCorr Int+4 SH+5}
   (You acquired it on level 6 of the Dungeon)

   [amulet of reflection]

   It reflects blocked missile attacks.
   Int:       It affects your intelligence (+4).
   rPois:     It protects you from poison.
   Fly:       It grants you flight.
   rCorr:     It protects you from acid and corrosion.
   SH:        It affects your SH (+5).
Scrolls
 c - 3 scrolls of blinking
 e - a scroll of poison
 g - a scroll of butterflies
 l - 8 scrolls of teleportation
 q - 3 scrolls of vulnerability
 B - 2 scrolls of enchant armour
 K - a scroll of noise
 N - a scroll of magic mapping
 P - 2 scrolls of enchant weapon
Potions
 h - 2 potions of curing
 j - 4 potions of degeneration
 p - a potion of mutation
 D - a potion of brilliance
 L - a potion of might {unknown}
 O - a potion of attraction {unknown}


   Skills:
 + Level 6.6 Fighting
 * Level 2.3 Maces & Flails
 + Level 5.8 Armour
 + Level 4.9 Dodging
 - Level 1.0 Stealth
 + Level 4.4 Shields
 - Level 4.6 Spellcasting
 - Level 3.0 Necromancy
 + Level 5.4 Evocations


You had 16 spell levels left.
You knew the following spells:

 Your Spells              Type           Power      Damage    Failure   Level
a - Necrotise             Necr           56%        1d6       22%         1

Your spell library contained the following spells:

 Spells                   Type           Power      Damage    Failure   Level
 Vampiric Draining        Necr           14%        2d7       56%         3
 Fireball                 Conj/Fire      1%         3d3       100%        5
 Starburst                Conj/Fire      1%         6d3       100%        6
 Ignition                 Fire           1%         3d3       100%        8


Dungeon Overview and Level Annotations

Branches:
Dungeon (9/15)             Temple (0/1) D:5
   Lair: D:8-11         Orc: D:9-12

Shops:
D:2 *

Portals:
Bailey: D:9


Innate Abilities, Weirdness & Mutations

You have an increased reservoir of magic. (+10% MP)
You shall have no god before yourself.
Your divine heritage dramatically boosts your attributes as you level up.
You are dopey. (Int -2)
You are somewhat resistant to further mutation.


Message History

Something hits you but does no damage.
You whack something! You freeze something. Something hits you!
You swing at nothing.
Something hits you but does no damage.
You miss something. Something hits you.
* * * LOW HITPOINT WARNING * * *
You hit something. You freeze something. Something hits you but does no damage.
You miss something. Something hits you but does no damage. Something hits you.
* * * LOW HITPOINT WARNING * * *
Something hits you.
* * * LOW HITPOINT WARNING * * *
You feel much better. Something hits you.
You hit something. You freeze something. Something hits you but does no damage.
You block something's attack.
You hit something. You freeze something. Something hits you!
You barely miss something. You block something's attack.
You closely miss something.
Something hits you but does no damage. x2
Something hits you.
You closely miss something. Something hits you.
* * * LOW HITPOINT WARNING * * *
Something hits you but does no damage.
You barely miss something. You block something's attack. Something hits you.
* * * LOW HITPOINT WARNING * * *
You swing at nothing.
Something completely misses you.
You swing at nothing.
Something hits you.
* * * LOW HITPOINT WARNING * * *
You block something's attack. Something hits you.
* * * LOW HITPOINT WARNING * * *
You feel better. Something hits you.
* * * LOW HITPOINT WARNING * * *
Search for what [Enter for "d:", or ? for help]? sinv Can't find anything matching that.
Unknown command.
You swing at nothing.
Something hits you.
* * * LOW HITPOINT WARNING * * *
You swing at nothing.
Something hits you.
* * * LOW HITPOINT WARNING * * *
You swing at nothing.
Something hits you.
* * * LOW HITPOINT WARNING * * *
Something hits you!
You die...

**...###!.## *,,,,**,**
*..[..#...# *##***,,*,,,***
*#........# #..,,,,,,,,,,,*
#.≈≈≈≈≈..# #.#***,,*,,,*,**
#.≈...≈..# #.# *,,**,**,**
#.~(∩.≈.#* #.# *,,**.#*,*#
#.≈.>?≈.# #.####..*#.##.##
#.≈≈≈≈≈.####.......*#.##.##
#.........@..####.###.##.##
############......##...#.##
#.#######...#.##
#.#####.........
#.............#.
#...............
#########...#### #...# #
##### #


There were no monsters in sight!

Vanquished Creatures
  Pikel (D:8)
  Prince Ribbit (D:8)
  A wyvern (D:7)
  4 yaks (D:8)
  A human (D:5)
  A water moccasin (D:7)
  2 black bears
  An ice beast (D:7)
  An orc warrior (D:9)
  A sky beast (D:7)
  3 ogres
  A centaur (D:7)
  A phantom (D:4)
  3 lemures (D:8)
  Blork the orc (D:6)
  4 bullfrogs
  A kobold brigand (D:6)
  2 gnoll sergeants
  4 scorpions
  3 wights (D:8)
  3 howler monkeys
  A jelly (D:4)
  4 crimson imps (D:6)
  A gnoll bouda (D:8)
  A hound (D:5)
  4 orc priests
  2 human skeletons (D:5)
  Terence (D:2)
  6 orc wizards
  A mummy (D:3)
  12 gnolls
  7 adders
  A shadow imp (D:6)
  A white imp (D:5)
  3 worms (D:2)
  5 dart slugs
  28 orcs
  7 endoplasms
  3 giant cockroaches
  12 goblins
  4 hobgoblins
  2 jackals (D:4)
  3 quokkas
  7 ball pythons
  4 bats
  7 frilled lizards
  13 kobolds
  6 rats
186 creatures vanquished.

Vanquished Creatures (collateral kills)
  An orc wizard (D:4)
1 creature vanquished.

Vanquished Creatures (others)
  A plant (D:7)
1 creature vanquished.

Grand Total: 188 creatures vanquished

Notes
Turn   | Place    | Note
-------+----------+-------------------------------------------
     0 | D:1      | scionoferis the Demigod Wanderer began the quest for the
                  | Orb.
     0 | D:1      | scionoferis set off with the following items: a +0 club, a
                  | +0 ring mail, a scroll of blinking, a wand of paralysis
                  | (11); and the following spell memorised: Necrotise; and the
                  | following spells available to memorise: Vampiric Draining.
     0 | D:1      | Reached XP level 1. HP: 16/16 MP: 5/5
     2 | D:1      | Noticed a ghoul
     2 | D:1      | Noticed a demigod
     4 | D:1      | Noticed a gargoyle
     6 | D:1      | Noticed a human
     6 | D:1      | Noticed an elf
     8 | D:1      | Noticed a naga
    10 | D:1      | Noticed a vine stalker
    10 | D:1      | Noticed a draconian
    12 | D:1      | Noticed an ogre
    12 | D:1      | Noticed a felid
    14 | D:1      | Noticed a palentonga
    14 | D:1      | Noticed a demonspawn
    16 | D:1      | Noticed a minotaur
    18 | D:1      | Noticed an octopode
    18 | D:1      | Noticed a tengu
    20 | D:1      | Noticed a spriggan
    20 | D:1      | Noticed a merfolk
    47 | D:1      | Noticed a troll
    47 | D:1      | Noticed a meteoran
    49 | D:1      | Noticed a formicid
    51 | D:1      | Noticed a draconian
    51 | D:1      | Noticed a troll
   466 | D:1      | Reached XP level 2. HP: 22/23 MP: 7/7
  1595 | D:2      | Reached XP level 3. HP: 24/29 MP: 5/8
  1960 | D:2      | Reached skill level 2 in Fighting
  2002 | D:2      | Found Oteraf's General Store.
  2550 | D:2      | Noticed Terence
  2560 | D:2      | Killed Terence
  2561 | D:2      | Reached skill level 1 in Dodging
  2561 | D:2      | Reached XP level 4. HP: 36/37 MP: 5/10
  3140 | D:3      | Reached XP level 5. HP: 33/42 MP: 9/11
  4421 | D:4      | Reached skill level 3 in Fighting
  4533 | D:4      | Gained mutation: You are dopey. (Int -2) [potion of
                  | mutation]
  4533 | D:4      | Gained mutation: You are somewhat resistant to further
                  | mutation. [potion of mutation]
  4542 | D:4      | Reached XP level 6. HP: 15/51 MP: 10/13
  5564 | D:5      | Entered Level 5 of the Dungeon
  5714 | D:5      | Found a staircase to the Ecumenical Temple.
  5727 | D:5      | Reached XP level 7. HP: 39/58 MP: 12/14
  5730 | D:5      | Reached skill level 4 in Fighting
  7643 | D:5      | Found a runed translucent door.
  7643 | D:5      | Noticed a human
  7677 | D:5      | Killed a human
  8159 | D:6      | Reached skill level 5 in Fighting
  8159 | D:6      | Reached XP level 8. HP: 64/68 MP: 16/16
  8663 | D:6      | Identified a scroll of acquirement
  8664 | D:6      | Acquired the amulet of Nuxzyjun {Reflect Fly rPois rCorr
                  | Int+4 SH+5}
  8835 | D:6      | Reached skill level 1 in Shields
  9179 | D:6      | Noticed Blork the orc
  9193 | D:6      | Killed Blork the orc
 10541 | D:7      | Reached skill level 5 in Armour
 10541 | D:7      | Reached XP level 9. HP: 67/75 MP: 18/18
 10772 | D:7      | Reached skill level 6 in Fighting
 11805 | D:8      | Noticed Prince Ribbit
 11842 | D:8      | Killed Prince Ribbit
 11843 | D:8      | Reached skill level 5 in Evocations
 12616 | D:8      | Noticed Pikel
 12856 | D:8      | Killed Pikel
 12857 | D:8      | Reached skill level 1 in Maces & Flails
 14076 | D:9      | Found a flagged portal.
 14116 | D:9      | Slain by an unseen horror

Illustrated notes

Levels and vault maps discovered:
D:1:      kb_arrival_jail, layout_rooms
D:2:      layout_basic, hellmonk_ecumenical_altar_inner_sanctum, serial_shops,
          shop, uniq_terence
D:3:      layout_basic, mainiacjoe_overflow_alcove_1, slow_altar_1, st_stairs_6
D:4:      layout_loops_ring, mainiacjoe_overflow_divided_tiny
D:5:      layout_basic, dk_yredelemnul_ordeal, minmay_temple_entry_fiery
D:6:      layout_basic, led_xom_imps, dreamdust_mushroom_princess,
          serial_bayou_ford_a, uniq_blork_the_orc
D:7:      layout_loops_ring, minivault_10, serial_bayou_pond_a,
          minmay_fractal_squares_gapless_5
D:8:      layout_gridville, nicolae_sif_muna_condensation, marbit_many_paths,
          nemelex_diamond_rough_becter, mainiacjoe_overflow_boulevard,
          uniq_prince_ribbit1, uniq_pikel
D:9:      layout_loops_ring, mainiacjoe_overflow_catwalk,
          nicolae_vehumet_radiance, enter_bailey_5

Skill      XL: |  1  2  3  4  5  6  7  8  9 |
---------------+----------------------------+-----
Evocations     | 2 3 4 5 |  5.4
Spellcasting   | 2 3 4 |  4.6
Fighting       | 2 3 5 6 |  6.6
Armour         | 3 4 5 |  5.8
Dodging        | 1 2 3 4 |  4.9
Necromancy     | 2 3 |  3.0
Shields        | 3 4 |  4.4
Maces & Flails | 2 |  2.3
Stealth        | |  1.0

Action                   |  1- 3 |  4- 6 |  7- 9 || total
-------------------------+-------+-------+-------++-------
Melee: Whip              |   138 |       |    98 ||   236
       Club              |    20 |       |       ||    20
       Punch             |     3 |       |     2 ||     5
       Quarterstaff      |    38 |   215 |   253 ||   506
       Dagger            |       |       |   233 ||   233
       Flail             |       |       |    67 ||    67
 Fire: Sling             |       |     4 |    21 ||    25
 Cast: Necrotise         |    15 |       |     3 ||    18
Evoke: Wand              |       |     4 |     9 ||    13
  Use: Potion            |       |     5 |     5 ||    10
       Scroll            |       |     5 |    10 ||    15
 Stab: Paralysed         |       |     3 |    12 ||    15
Armor: Ring mail         |    70 |    18 |       ||    88
       Leather armour    |       |    50 |    22 ||    72
       Scale mail        |       |       |   192 ||   192
       Skin              |       |       |     5 ||     5
Dodge: Dodged            |    93 |   115 |   233 ||   441
Block: Kite shield       |       |       |   230 ||   230
       Other             |       |       |    22 ||    22
       Reflection        |       |       |     7 ||     7

Table legend: (Time is in decaauts)
 A = Elapsed time spent in this place.
 B = Non-inter-level travel time spent in this place.
 C = Inter-level travel time spent in this place.
 D = Time resting spent in this place.
 E = Time spent auto-exploring this place.
 F = Levels seen in this place.
 G = Mean time per level.
                   A        B        C        D        E       F      G
               +--------+--------+--------+--------+--------+-----+--------+
         Total |  14406 |  13509 |    897 |   3090 |   7394 |   9 | 1600.7 |
       Dungeon |  14406 |  13509 |    897 |   3090 |   7394 |   9 | 1600.7 |
               +--------+--------+--------+--------+--------+-----+--------+

Top non-repeatable levels by time:
     D:7: 2228 daAuts
     D:5: 2180 daAuts
     D:6: 2096 daAuts
     D:3: 1849 daAuts
     D:1: 1596 daAuts
     D:8: 1542 daAuts
     D:4: 1437 daAuts
     D:2: 1329 daAuts
     D:9: 144 daAuts
